 Dungeon Crawl Stone Soup version 0.29.1-1-gd02db6906a (webtiles) character file.

Game seed: 17601316340319634168

17090 LyinL the Destroyer (level 12, -4/59 HPs)
             Began as a Deep Elf Conjurer on Oct 14, 2022.
             Was a High Priest of Vehumet.
             Constricted to death by Jorgrun (7 damage)
             ... on level 12 of the Dungeon.
             The game lasted 01:20:16 (15171 turns).

LyinL the Destroyer (Deep Elf Conjurer)            Turns: 15171, Time: 01:20:17

Health: -4/59      AC:  6    Str:  4    XL:     12   Next: 15%
Magic:  27/37      EV: 12    Int: 43    God:    Vehumet [*****.]
Gold:   849        SH:  0    Dex: 10    Spells: 14/31 levels left

rFire   + + .      SeeInvis .   t - +8 trident "Lolas" {vorpal, rF++ Int+8 Dex-3 Stlth-}
rCold   + . .      Faith    .   (no shield)
rNeg    . . .      Spirit   .   u - +2 robe {rC+}
rPois   .          Reflect  .   (no helmet)
rElec   .          Harm     .   (no cloak)
rCorr   .          Rampage  .   c - +0 pair of gloves
Will    +....                   y - +0 pair of boots
Stlth   +.........              e - amulet of the acrobat
HPRegen 0.19/turn               a - +6 ring of intelligence
MPRegen 0.25/turn               A - ring of magical power

@: grasped by roots, constricted, invisible
A: no striking features
a: Renounce Religion


You were on level 12 of the Dungeon.
You worshipped Vehumet.
Vehumet was extremely pleased with you.
You visited 1 branch of the dungeon, and saw 12 of its levels.

You collected 849 gold pieces.

Inventory:

Hand Weapons
 f - a +1 whip of electrocution
 g - the +5 sling of the Shoals {venom, SInv}
   (You found it on level 7 of the Dungeon)

   Any ammunition fired from it poisons the flesh of those it strikes.
   SInv:      It lets you see invisible.
 t - the +8 trident "Lolas" (weapon) {vorpal, rF++ Int+8 Dex-3 Stlth-}
   (You found it on level 4 of the Dungeon)

   It inflicts extra damage upon your enemies.
   Int:       It affects your intelligence (+8).
   Dex:       It affects your dexterity (-3).
   rF:        It greatly protects you from fire.
   Stlth:     It makes you less stealthy.
Armour
 c - a +0 pair of gloves (worn)
 j - +0 steam dragon scales
 u - a +2 robe of cold resistance (worn)
 y - a +0 pair of boots (worn)
Jewellery
 a - a +6 ring of intelligence (left hand)
 e - an amulet of the acrobat (around neck)
 s - a ring of ice
 A - a ring of magical power (right hand)
 F - an amulet of regeneration
Wands
 z - a wand of polymorph (16)
 I - a wand of flame (9)
 K - a wand of iceblast (8)
Scrolls
 d - a scroll of teleportation
 h - 2 scrolls of torment
 i - 3 scrolls of immolation
 l - 2 scrolls of magic mapping {unknown}
 p - 2 scrolls of fear {unknown}
 q - 2 scrolls of noise {unknown}
 r - 3 scrolls of amnesia
 B - a scroll of vulnerability {unknown}
 C - 2 scrolls of butterflies {unknown}
 D - 2 scrolls of poison {unknown}
 J - 4 scrolls of identify
Potions
 b - 2 potions of magic
 k - a potion of berserk rage
 m - a potion of cancellation
 n - a potion of might
 o - 2 potions of resistance
 v - 8 potions of curing
 w - 2 potions of brilliance
 E - 3 potions of flight {unknown}
 G - 2 potions of ambrosia {unknown}
 H - 2 potions of haste {unknown}


   Skills:
 - Level 10.3 Dodging
 - Level 4.0 Stealth
 - Level 10.0 Spellcasting
 * Level 12.5 Conjurations
 + Level 12.4 Hexes
 - Level 7.3 Translocations
 - Level 5.2 Fire Magic


You had 14 spell levels left.
You knew the following spells:

 Your Spells              Type           Power      Damage    Failure   Level
a - Magic Dart            Conj           100%       1d8       0%          1
b - Searing Ray           Conj           100%       2d8       0%          2
c - Fulminant Prism       Conj/Hex       45%        3d21      1%          4
d - Iskenderun's Mystic   Conj/Tloc      82%        2d16      1%          4
e - Inner Flame           Hex/Fire       78%        N/A       1%          3
f - Conjure Flame         Conj/Fire      78%        6-21      1%          3

Your spell library contained the following spells:

 Spells                   Type           Power      Damage    Failure   Level
 Lee's Rapid Deconstruct  Erth           10%        3d9*      11%         5
 Slow                     Hex            100%       N/A       0%          1
 Beastly Appendage        Tmut           42%        N/A       1%          1
 Sting                    Tmut/Pois      84%        1d7       1%          1
 Poisonous Vapours        Pois/Air       42%        N/A       1%          2
 Confusing Touch          Hex            91%        N/A       1%          3
 Dazzling Flash           Conj/Hex       100%       N/A       1%          3
 Portal Projectile        Hex/Tloc       100%       N/A       1%          3
 Leda's Liquefaction      Hex/Erth       33%        N/A       1%          4
 Wereblood                Tmut           21%        N/A       2%          2
 Metabolic Englaciation   Hex/Ice        33%        N/A       3%          5
 Call Canine Familiar     Summ           21%        N/A       4%          3
 Spider Form              Tmut/Pois      21%        N/A       4%          3
 Vampiric Draining        Necr           21%        2d7       4%          3
 Olgreb's Toxic Radiance  Pois           21%        N/A       4%          4
 Petrify                  Tmut/Erth      21%        N/A       14%         4
 Statue Form              Tmut/Erth      14%        N/A       91%         6


Dungeon Overview and Level Annotations

Branches:
Dungeon (12/15)            Temple (0/1) D:5            Lair (0/5) D:11
    Orc (0/2) D:10

Altars:
Ashenzari
Cheibriados
Dithmenos
Elyvilon
Fedhas
Gozag
Hepliaklqana
Nemelex Xobeh
Qazlal
Ru
Sif Muna
Trog
Vehumet
Yredelemnul
Zin

Shops:
D:1 *   D:6 (

Annotations:
D:12 Jorgrun


Message History

Jorgrun casts a spell at you.
Roots burst forth from the earth!
The grasping roots grab you! The grasping roots constrict you!
Press: ? - help, v - describe, . - travel
Here: Jorgrun, wielding a +0 vorpal quarterstaff and wearing a +0 robe (moderately wounded, ally target)
The floor.
Casting: Fulminant Prism (safe; 1% risk of failure)
Confirm with . or Enter, or press ? or * to list all spells.
You erupt in a blast of force!
The mystic blast hits Jorgrun!!
Jorgrun is heavily wounded.
Jorgrun is knocked back by the mystic blast.
The mystic blast hits the gnoll!!
You kill the gnoll!
Vehumet accepts your kill.
You feel your power returning.
The mystic blast hits the gnoll!!
You kill the gnoll!
Vehumet accepts your kill.
You feel your power returning.
You hear a shout!
Your fulminant prism explodes!
The blast of energy engulfs you!!
Ouch! That really hurt!
You fade into invisibility!
Jorgrun says, "'tis place shall be yer tomb!"
The grasping roots constrict you!
* * * LOW HITPOINT WARNING * * *
Okay, then.
You feel better. The grasping roots constrict you.
* * * LOW HITPOINT WARNING * * *
Your magical effects are unravelling.
You feel magically purged.
You flicker back into view.
The grasping roots constrict you!
* * * LOW HITPOINT WARNING * * *
A gnoll sergeant comes into view. It is wielding a +0 trident.
Okay, then.
You fade into invisibility!
The grasping roots constrict you!
You die...

##############...#...............
.........#...#...#...............
.........#...#...#...............
.........#...#...#...............
..#......#...##'##.............^.
..#......#.......#...............
..#......#.......#...............
..#..............#...............
..#......#####.g@#...............
###..........#..)................
#..........#.g.######....######
########...#)..#....#....#
#...#...#....#....#
#.......#....#....#
+.......'....#....#
#....g..#....#....#
#.......#...##


You could see Jorgrun (unable to see you), a gnoll sergeant (unable to see you)
and a gnoll (unable to see you).

Vanquished Creatures
  Fannar (D:10)
  A two-headed ogre (D:11)
  3 death yaks (D:11)
  A boulder beetle (D:8)
  Urug (D:12)
  An ugly thing (D:8)
  A manticore (D:11)
  An unseen horror (D:10)
  2 kobold demonologists
  A polar bear (D:8)
  3 trolls
  6 hornets
  A wyvern (D:8)
  2 wraiths
  8 yaks
  Grum (D:10)
  4 vampire mosquitoes
  3 steam dragons
  An acid dragon (D:10)
  2 water moccasins
  3 sky beasts
  5 orc warriors
  Duvessa (D:5)
  7 ice beasts
  5 wolves
  3 ogres
  7 centaurs
  A phantom (D:4)
  5 kobold brigands
  A bullfrog (D:6)
  2 gnoll sergeants
  2 scorpions
  11 wights
  A hornet simulacrum (D:8)
  Dowan (D:5)
  11 killer bees
  2 oklob saplings (D:8)
  7 howler monkeys
  2 electric eels (D:8)
  2 wyvern simulacra (D:8)
  4 jellies
  A gnoll bouda (D:9)
  9 orc priests
  4 hounds (D:6)
  Jessica (D:2)
  4 iguanas
  9 orc wizards
  2 hell rats (D:11)
  18 adders
  15 gnolls
  A river rat (D:11)
  2 shadow imps
  3 white imps
  2 ufetubi
  3 dart slugs
  38 orcs
  9 endoplasms
  A giant cockroach (D:1)
  5 hobgoblins
  4 jackals
  5 quokkas
  12 ball pythons
  6 bats
  3 frilled lizards
  14 goblins
  30 kobolds
  8 rats
  A fulminant prism (D:8)
337 creatures vanquished.

Vanquished Creatures (others)
  3 yaks (D:11)
  143 fulminant prisms
  6 fungi (D:1)
  25 plants
177 creatures vanquished.

Grand Total: 514 creatures vanquished

Notes
Turn   | Place    | Note
-------+----------+-------------------------------------------
     0 | D:1      | LyinL the Deep Elf Conjurer began the quest for the Orb.
     0 | D:1      | Reached XP level 1. HP: 10/10 MP: 6/6
    78 | D:1      | Found Backur's General Store.
   224 | D:1      | Reached XP level 2. HP: 15/15 MP: 2/8
   320 | D:1      | Learned a level 2 spell: Searing Ray
   364 | D:1      | Reached skill level 5 in Conjurations
   758 | D:1      | Reached XP level 3. HP: 19/19 MP: 1/9
  1793 | D:2      | Reached XP level 4. HP: 24/24 MP: 7/10
  1798 | D:2      | Learned a level 4 spell: Fulminant Prism
  2020 | D:2      | Reached skill level 1 in Hexes
  2060 | D:2      | Found a snail-covered altar of Cheibriados.
  2061 | D:2      | Noticed Jessica
  2066 | D:2      | Killed Jessica
  2793 | D:3      | Reached XP level 5. HP: 28/28 MP: 6/12
  3547 | D:4      | Found a white marble altar of Elyvilon.
  3729 | D:4      | Noticed a water moccasin
  3747 | D:4      | Killed a water moccasin
  3748 | D:4      | Reached skill level 5 in Hexes
  3748 | D:4      | Reached XP level 6. HP: 32/32 MP: 4/14
  4194 | D:4      | Identified the +8 trident "Lolas" {vorpal, rF++ Int+8 Dex-3
                  | Stlth-}
  4452 | D:4      | Found a shadowy altar of Dithmenos.
  5092 | D:5      | Entered Level 5 of the Dungeon
  5101 | D:5      | Noticed an ice beast
  5155 | D:4      | Reached XP level 7. HP: 32/36 MP: 10/15
  5457 | D:5      | Noticed Duvessa
  5465 | D:5      | Killed Duvessa
  5469 | D:5      | Noticed Dowan
  5474 | D:5      | Killed Dowan
  5582 | D:5      | You fall into a shaft and drop 1 floor!
  5640 | D:6      | Found a broken altar of Ashenzari.
  5646 | D:6      | Reached XP level 8. HP: 41/41 MP: 12/17
  5679 | D:6      | Found a hazy altar of Hepliaklqana.
  5679 | D:6      | Found a shimmering blue altar of Sif Muna.
  5679 | D:6      | Found a blossoming altar of Fedhas.
  5688 | D:6      | Found a basalt altar of Yredelemnul.
  5688 | D:6      | Found a sacrificial altar of Ru.
  5688 | D:6      | Found a glowing silver altar of Zin.
  5688 | D:6      | Found a sparkling altar of Nemelex Xobeh.
  5689 | D:6      | Found an opulent altar of Gozag.
  5690 | D:6      | Found a radiant altar of Vehumet.
  5690 | D:6      | Found a stormy altar of Qazlal.
  5704 | D:6      | Became a worshipper of Vehumet
  5801 | D:6      | Found Keexteuk's Antique Weapon Shoppe.
  6191 | D:6      | Reached skill level 5 in Dodging
  6633 | D:5      | Found a staircase to the Ecumenical Temple.
  7599 | D:6      | Reached * piety under Vehumet
  7599 | D:6      | Offered knowledge of Shock by Vehumet.
  7631 | D:7      | Reached XP level 9. HP: 33/45 MP: 11/18
  7947 | D:7      | Reached skill level 10 in Conjurations
  8378 | D:7      | Identified the +5 sling of the Shoals {venom, SInv}
  8396 | D:7      | Learned a level 4 spell: Iskenderun's Mystic Blast
  8725 | D:8      | Reached skill level 1 in Translocations
  8735 | D:8      | Offered knowledge of Static Discharge by Vehumet.
  8902 | D:8      | Reached ** piety under Vehumet
  8993 | D:8      | Reached XP level 10. HP: 44/50 MP: 5/19
  9086 | D:8      | Found a snail-covered altar of Cheibriados.
  9255 | D:8      | Offered knowledge of Frozen Ramparts by Vehumet.
  9260 | D:8      | Reached skill level 10 in Hexes
  9260 | D:8      | Reached skill level 5 in Translocations
  9430 | D:8      | Noticed a red ugly thing
  9464 | D:8      | Killed a red ugly thing
  9510 | D:8      | Noticed a boulder beetle
  9519 | D:8      | Killed a boulder beetle
  9519 | D:8      | Reached *** piety under Vehumet
 10588 | D:8      | Offered knowledge of Inner Flame by Vehumet.
 10593 | D:8      | Learned a level 3 spell: Inner Flame
 10924 | D:8      | Paralysed by a hornet for 3 turns
 11056 | D:8      | Reached skill level 10 in Dodging
 11067 | D:8      | Reached XP level 11. HP: 54/54 MP: 18/20
 11991 | D:9      | Reached **** piety under Vehumet
 12103 | D:9      | Found a bloodstained altar of Trog.
 12276 | D:10     | Entered Level 10 of the Dungeon
 12410 | D:10     | Offered knowledge of Conjure Flame by Vehumet.
 12417 | D:10     | Reached skill level 5 in Spellcasting
 12427 | D:10     | Noticed Fannar
 12437 | D:10     | Killed Fannar
 12438 | D:10     | Reached skill level 1 in Fire Magic
 12635 | D:10     | Noticed Grum
 12640 | D:10     | Killed Grum
 12945 | D:10     | Found a staircase to the Orcish Mines.
 13294 | D:11     | Noticed a death yak
 13315 | D:11     | Noticed a death yak
 13316 | D:11     | Noticed a death yak
 13322 | D:11     | Killed a death yak
 13325 | D:11     | Killed a death yak
 13326 | D:11     | Killed a death yak
 13538 | D:11     | Noticed a two-headed ogre
 13551 | D:11     | Killed a two-headed ogre
 13552 | D:11     | Reached skill level 10 in Spellcasting
 13552 | D:11     | Reached skill level 5 in Fire Magic
 13557 | D:11     | Reached XP level 12. HP: 59/59 MP: 10/28
 13705 | D:11     | Reached ***** piety under Vehumet
 13724 | D:11     | Learned a level 3 spell: Conjure Flame
 14027 | D:11     | Found a staircase to the Lair.
 14128 | D:11     | Offered knowledge of Lee's Rapid Deconstruction by Vehumet.
 14430 | D:11     | Identified the +7 sling "Acarine's Undoing" {flame, Str+8}
 14547 | D:12     | Noticed Urug
 14564 | D:12     | Killed Urug
 14916 | D:12     | Noticed Jorgrun
 15171 | D:12     | Constricted to death by Jorgrun

Illustrated notes

Levels and vault maps discovered:
D:1:      minmay_arrival_radiant_lines, layout_rooms, serial_shops, shop,
          chequers_serial_rivers_marsh, minivault_27, chequers_big_river,
          dreamdust_mushroom_princess
D:2:      layout_loops_cross, basic_altar, uniq_jessica
D:3:      layout_loops_ring
D:4:      layout_basic, nicolae_elyvilon_temple_path,
          nicolae_dithmenos_shadow_blocks, minmay_misc_feat_diagonals
D:5:      layout_loops_ring, minmay_temple_entry_from_below_a, uniq_duvessa
D:6:      layout_basic, nicolae_overflows_in_rows, serial_shops, shop
D:7:      layout_rooms, minivault_26
D:8:      minmay_slanted_spiral_squares, layout_layer_cave,
          mainiacjoe_overflow_six_doors_small, serial_ice, serial_ice_l,
          serial_ice_a, serial_ice_m, serial_ice_o, serial_ice_g, serial_ice_f,
          introduction_to_nature_1
D:9:      layout_roguey, kennysheep_mini_moat
D:10:     layout_loops_ring, erik_orc_4, uniq_fannar, uniq_grum
D:11:     layout_cave_pods, dpeg_lair_monsters, lemuel_nasty_fountain
D:12:     layout_grid_maze, uniq_urug, uniq_jorgrun

Skill      XL: |  1  2  3  4  5  6  7  8  9 10 11 |
---------------+----------------------------------+-----
Conjurations   | 5 6 9 11 12 | 12.5
Dodging        | 3 4 6 8 10 | 10.3
Hexes          | 2 5 7 8 9 11 12 | 12.4
Spellcasting   | 4 10 | 10.0
Translocations | 3 7 |  7.3
Stealth        | 3 4 |  4.0
Fire Magic     | 5 |  5.2

Action                   |  1- 3 |  4- 6 |  7- 9 | 10-12 || total
-------------------------+-------+-------+-------+-------++-------
Melee: Whip              |     1 |     3 |       |       ||     4
       Trident           |       |     2 |       |       ||     2
 Fire: Sling             |       |       |       |     2 ||     2
 Cast: Magic Dart        |    60 |    49 |    24 |    47 ||   180
       Searing Ray       |     9 |    19 |    48 |    29 ||   105
       Fulminant Prism   |       |     8 |    36 |   100 ||   144
       Iskenderun's Myst |       |       |     1 |    23 ||    24
  Use: Scroll            |       |    10 |     6 |     3 ||    19
       Potion            |       |     1 |     3 |     6 ||    10
 Stab: Sleeping          |       |     1 |       |       ||     1
Armor: Robe              |     1 |     2 |     9 |     3 ||    15
Dodge: Dodged            |     6 |     6 |    48 |    30 ||    90
